 Dungeon Crawl Stone Soup version 0.28.0-45-g0d030f2227 (webtiles) character file.

Game seed: 12858918944847966204

2730 bnorton916 the Skirmisher (level 9, -12/74 HPs)
             Began as a Barachi Ice Elementalist on Apr 7, 2022.
             Mangled by a two-headed ogre
             ... wielding a +0 giant club
              (13 damage)
             ... on level 7 of the Dungeon.
             The game lasted 00:19:04 (13750 turns).

bnorton916 the Skirmisher (BaIE)                   Turns: 13750, Time: 00:19:04

Health: -12/74     AC: 13    Str:  9    XL:     9   Next: 67%
Magic:  11/16      EV: 12    Int: 19    God:
Gold:   137        SH:  0    Dex: 14    Spells: 4/17 levels left

rFire   + . .      SeeInvis +   v - +1 hand axe (drain)
rCold   . . .      Faith    .   (no shield)
rNeg    . . .      Spirit   .   l - +1 leather armour {rPois}
rPois   +          Reflect  .   j - +0 helmet
rElec   .          Harm     .   (no cloak)
rCorr   .          Rampage  .   e - +0 pair of gloves
Will    .....                   x - +0 pair of boots
Stlth   ++........              (no amulet)
HPRegen 0.22/turn               a - ring of see invisible
MPRegen 0.15/turn               B - ring of protection from fire

@: ice-armoured, unable to hop, slow
A: amphibious, slowness 1, strong legs 1, +LOS
a: Hop


You were on level 7 of the Dungeon.
You visited 2 branches of the dungeon, and saw 8 of its levels.

You collected 467 gold pieces.
You spent 330 gold pieces at shops.

Inventory:

Hand Weapons
 c - a +0 short sword
 h - a +3 dagger of holy wrath
 i - a +1 spear of freezing
 m - a +2 vampiric hand axe
 v - a +1 hand axe of draining (weapon)
 w - a +2 whip of freezing
Missiles
 o - 9 poisoned darts (quivered)
Armour
 e - a +0 pair of gloves (worn)
 j - a +0 helmet (worn)
 l - a +1 leather armour of poison resistance (worn)
 r - a +2 leather armour of fire resistance
 x - a +0 pair of boots (worn)
Magical Staves
 C - a staff of death
Jewellery
 a - a ring of see invisible (left hand)
 B - a ring of protection from fire (right hand)
 D - a +6 ring of intelligence
Wands
 k - a wand of flame (27)
 E - a wand of paralysis (8)
Scrolls
 n - a scroll of holy word
 u - a scroll of teleportation
 y - a scroll of identify
 A - a scroll of brand weapon
Potions
 b - 3 potions of ambrosia {unknown}
 d - a potion of flight {unknown}
 f - a potion of degeneration {unknown}
 g - a potion of curing {unknown}
 p - a potion of might {unknown}
 q - a potion of berserk rage {unknown}
 s - a potion of mutation {unknown}
 t - 3 potions of brilliance {unknown}
 z - 2 potions of heal wounds


   Skills:
 - Level 7.9 Fighting
 - Level 5.2 Short Blades
 - Level 5.0 Armour
 - Level 3.9 Dodging
 - Level 1.7 Stealth
 + Level 4.8 Spellcasting
 + Level 5.5 Necromancy
 - Level 6.2 Ice Magic


You had 4 spell levels left.
You knew the following spells:

 Your Spells              Type           Power      Damage    Failure   Level
a - Freeze                Ice            100%       1d11      1%          1
b - Frozen Ramparts       Ice            56%        1d7       4%          3
c - Ozocubu's Armour      Ice            28%        N/A       4%          3
d - Simulacrum            Ice/Necr       13%        N/A       92%         6

Your spell library contained the following spells:

 Spells                   Type           Power      Damage    Failure   Level
 Hailstorm                Conj/Ice       16%        3d6       43%         4
 Ice Form                 Ice/Tmut       16%        N/A       43%         4
 Ignite Poison            Fire/Tmut/Pois 4%         N/A       45%         3
 Mephitic Cloud           Conj/Pois/Air  4%         N/A       45%         3
 Airstrike                Air            2%         N/A       86%         4
 Summon Lightning Spire   Summ/Air       4%         N/A       86%         4
 Borgnjor's Vile Clutch   Necr/Erth      7%         N/A       83%         5
 Freezing Cloud           Conj/Ice/Air   6%         6-21      89%         5
 Alistair's Intoxication  Tmut/Pois      2%         N/A       99%         5
 Lightning Bolt           Conj/Air       2%         1d13      99%         5
 Eringya's Noxious Bog    Tmut/Pois      2%         N/A       100%        6


Dungeon Overview and Level Annotations

Branches:
Dungeon (7/15)             Temple (1/1) D:6

Altars:
Ashenzari
Elyvilon
Fedhas
Gozag
Hepliaklqana
Nemelex Xobeh
Okawaru
Qazlal
Ru
Sif Muna
Trog
Uskayaw
Vehumet
Wu Jian
Xom
Yredelemnul
Zin
The Shining One

Shops:
D:6 [***


Innate Abilities, Weirdness & Mutations

You are amphibious.
You cover ground slowly.
You can hop short distances.
You have an extended range of vision and can be seen from far away.


Message History

v - a +1 hand axe of draining (weapon)
You hit the two-headed ogre. You drain the two-headed ogre.
The two-headed ogre is heavily wounded.
The wall freezes the two-headed ogre.
The two-headed ogre hits you with a +0 giant club!
The two-headed ogre hits you with a +0 giant spiked club!
Unknown command.
You hit the two-headed ogre but do no damage.
The two-headed ogre is heavily wounded.
The wall freezes the two-headed ogre.
The two-headed ogre hits you but does no damage.
The two-headed ogre hits you with a +0 giant spiked club!
Unknown command.
You barely miss the two-headed ogre.
The two-headed ogre is heavily wounded.
The wall freezes the two-headed ogre.
The two-headed ogre barely misses you.
The two-headed ogre hits you with a +0 giant spiked club!
* * * LOW HITPOINT WARNING * * *
Unknown command.
You hit the two-headed ogre. You drain the two-headed ogre.
The two-headed ogre is severely wounded.
The wall freezes the two-headed ogre.
The two-headed ogre barely misses you. x2
Unknown command.
You hit the two-headed ogre but do no damage.
You drain the two-headed ogre.
The two-headed ogre is almost dead.
The wall freezes the two-headed ogre.
The two-headed ogre closely misses you.
The two-headed ogre hits you with a +0 giant spiked club!
* * * LOW HITPOINT WARNING * * *
Unknown command.
You barely miss the two-headed ogre.
The two-headed ogre is almost dead.
The frozen ramparts melt away.
The two-headed ogre barely misses you.
The two-headed ogre hits you with a +0 giant spiked club!
* * * LOW HITPOINT WARNING * * *
Unknown command.
You hit the two-headed ogre but do no damage.
The two-headed ogre is almost dead.
The two-headed ogre hits you with a +0 giant club!
You die...

#..###.#..# .#.# #.# #.
#..##.#..# ..# #.# #.
##....#..######.###.# #(# #.
##..###..............# #.# #.
#...# #..[.....#.##>.# #.# #.
.#..###..#####.#.# # #.# #.
##..##.....# #.#.# #.# #.
##..##.....###.#O##<.###.#######.
#..##..........@##..............
#..##...................########
#.........###############
#...)..#### ########


You could see a two-headed ogre (drained).

Vanquished Creatures
  Pikel (D:4)
  Prince Ribbit (D:7)
  Grinder (D:3)
  A water moccasin (D:6)
  2 black bears
  2 ice beasts (D:5)
  A necrophage (D:4)
  A centaur (D:6)
  4 lemures (D:4)
  A bullfrog (D:7)
  2 wyvern skeletons (D:7)
  A water moccasin skeleton (D:5)
  2 centaur zombies
  3 hounds
  A jelly (D:5)
  2 orc priests
  A centaur skeleton (D:4)
  2 iguanas
  A scorpion zombie (D:5)
  5 orc wizards
  A killer bee zombie (D:7)
  A hound skeleton (D:4)
  2 howler monkey zombies
  Robin (D:2)
  8 adders
  A white imp (D:5)
  A worm (D:3)
  7 dart slugs
  23 orcs
  6 ball pythons
  6 bats
  3 endoplasms
  5 giant cockroaches
  11 goblins
  19 hobgoblins
  A jackal (D:1)
  6 quokkas
  3 frilled lizards
  7 kobolds
  2 rats
149 creatures vanquished.

Notes
Turn   | Place    | Note
-------+----------+-------------------------------------------
     0 | D:1      | bnorton916 the Barachi Ice Elementalist began the quest for
                  | the Orb.
     0 | D:1      | Reached XP level 1. HP: 13/13 MP: 3/3
    59 | D:1      | Reached skill level 5 in Ice Magic
   101 | D:1      | Reached XP level 2. HP: 19/19 MP: 1/5
  1104 | D:1      | Reached XP level 3. HP: 15/24 MP: 0/7
  1311 | D:1      | Learned a level 3 spell: Frozen Ramparts
  1315 | D:1      | Learned a level 3 spell: Ozocubu's Armour
  2644 | D:2      | Found a faded altar of an unknown god.
  2651 | D:2      | Reached XP level 4. HP: 11/30 MP: 0/9
  2848 | D:2      | Noticed Robin
  3517 | D:2      | Killed Robin
  4217 | D:3      | Noticed Grinder
  4647 | D:3      | Paralysed by Grinder for 5 turns
  4652 | D:3      | Killed Grinder
  4653 | D:3      | Reached XP level 5. HP: 19/35 MP: 6/10
  4653 | D:3      | Reached XP level 6. HP: 22/41 MP: 6/11
  5705 | D:4      | Noticed a necrophage
  5720 | D:4      | Killed a necrophage
  5767 | D:4      | Reached XP level 7. HP: 41/46 MP: 12/12
  5844 | D:4      | Reached skill level 1 in Fighting
  5844 | D:4      | Reached skill level 5 in Armour
  6215 | D:4      | Reached skill level 2 in Fighting
  6520 | D:4      | Found a radiant altar of Vehumet.
  6592 | D:4      | Found a sacrificial altar of Ru.
  6628 | D:4      | Reached skill level 4 in Fighting
  6858 | D:4      | Found a broken altar of Ashenzari.
  6914 | D:5      | Entered Level 5 of the Dungeon
  7260 | D:5      | Noticed Pikel
  7876 | D:4      | Killed Pikel
  7877 | D:4      | Reached skill level 7 in Fighting
  7877 | D:4      | Reached XP level 8. HP: 41/67 MP: 7/13
  8572 | D:5      | Learned a level 6 spell: Simulacrum
  9097 | D:5      | Reached skill level 1 in Short Blades
  9784 | D:5      | Reached XP level 9. HP: 58/74 MP: 14/14
 11728 | D:6      | Found a staircase to the Ecumenical Temple.
 11739 | Temple   | Entered the Ecumenical Temple
 11968 | D:6      | Reached skill level 5 in Short Blades
 11993 | D:6      | Found Qiytupho's General Store.
 12004 | D:6      | Found Fyczax's Antique Armour Emporium.
 12028 | D:6      | Found Fukkufa's General Store.
 12124 | D:6      | Bought a potion of heal wounds for 50 gold pieces
 12124 | D:6      | Bought a Trismegistus Codex for 280 gold pieces
 12216 | D:6      | Found Neluqir's General Store.
 12302 | D:7      | Reached skill level 5 in Necromancy
 13231 | D:7      | Noticed Prince Ribbit
 13244 | D:7      | Killed Prince Ribbit
 13737 | D:7      | Noticed a two-headed ogre
 13749 | D:7      | HP: 1/74 [two-headed ogre/+0 giant club (10)]
 13750 | D:7      | Mangled by a two-headed ogre

Illustrated notes

Levels and vault maps discovered:
D:1:      mrwooster_arrival_arrow, layout_loops_ring, minmay_distorted
D:2:      layout_basic, chequers_ecumenical_altar_simple_redux,
          minmay_tetromino_i2, uniq_robin
D:3:      layout_basic, uniq_grinder
D:4:      layout_loops_ring, mainiacjoe_overflow_paths,
          mainiacjoe_overflow_swirl, kennysheep_potato
D:5:      layout_basic, uniq_pikel
D:6:      layout_rooms, minmay_temple_entry_statues_pillars, serial_shops, shop,
          nicolae_shop_hallway_plus, shop, nicolae_shop_hallway_plus
D:7:      layout_loops_ring, uniq_prince_ribbit1
Temple:   regret_index_temple_generic_petals

Skill      XL: |  1  2  3  4  5  6  7  8  9 |
---------------+----------------------------+-----
Ice Magic      | 5 6 |  6.2
Spellcasting   | 3 4 |  4.8
Armour         | 3 4 5 |  5.0
Dodging        | 3 |  3.9
Fighting       | 7 |  7.9
Necromancy     | 3 5 |  5.5
Short Blades   | 3 5 |  5.2
Stealth        | |  1.7

Action                   |  1- 3 |  4- 6 |  7- 9 || total
-------------------------+-------+-------+-------++-------
Melee: Short sword       |     3 |       |       ||     3
       Dagger            |       |    32 |   214 ||   246
       Punch             |       |       |     3 ||     3
       Hand axe          |       |       |    53 ||    53
Throw: Dart              |       |       |     9 ||     9
 Cast: Freeze            |    59 |    13 |     5 ||    77
       Frozen Ramparts   |     1 |    13 |    41 ||    55
       Ozocubu's Armour  |       |     4 |    22 ||    26
 Abil: Hop               |     2 |     2 |     2 ||     6
Evoke: Wand              |       |     7 |       ||     7
  Use: Scroll            |       |       |     7 ||     7
 Stab: Sleeping          |       |     1 |       ||     1
Armor: Robe              |    14 |     8 |       ||    22
       Leather armour    |       |     2 |   179 ||   181
Dodge: Dodged            |    44 |    35 |   218 ||   297
